Match 44218524
Unlisted

Match 44218524
End
Panzergrenadier Squad
Selects Italian Infantry
250 Light Carrier
Construct Light Support Kompanie
MG34 Team
Fire Support Elements
Panzerpioneer Squad
2.5-tonne Medical Truck
Selects Guastatori Squad
Guastatori Squad
Pak 38 Mechanized Group
Selects Defensive Operations
Combat Half-tracks
Flakvierling Half-track
Selects Registered Artillery
Company of Heroes 3
Theuce
Ulric
Ark
XuZhongwei
糯米258
NOOB MAN
3+++
0
0

Comments sign in to comment!

No comments posted yet!